 Dungeon Crawl Stone Soup version 0.28.0-47-ge53b351184 (webtiles) character file.

Game seed: 3669897803269937109

152 Revguard the Shield-Bearer (level 5, -2/41 HPs)
             Began as a Human Fighter on May 6, 2022.
             Slain by an adder (3 damage)
             ... on level 3 of the Dungeon.
             The game lasted 00:08:36 (2534 turns).

Revguard the Shield-Bearer (Human Fighter)          Turns: 2534, Time: 00:08:37

Health: -2/41      AC:  6    Str: 18    XL:     5   Next: 60%
Magic:  0/6        EV:  9    Int:  9    God:
Gold:   109        SH:  4    Dex: 12    Spells: 4/4 levels left

rFire   . . .      SeeInvis .   a - +0 long sword
rCold   . . .      Faith    .   c - +0 buckler
rNeg    . . .      Spirit   +   b - +0 scale mail
rPois   .          Reflect  .   (no helmet)
rElec   .          Harm     .   (no cloak)
rCorr   .          Rampage  .   (no gloves)
Will    .....                   (no boots)
Stlth   ..........              j - amulet of guardian spirit
HPRegen 0.13/turn               (no ring)
MPRegen 0.10/turn               (no ring)

@: lethally poisoned (-2 -> -6), slowed, very slow
A: no striking features
a: no special abilities


You were on level 3 of the Dungeon.
You visited 1 branch of the dungeon, and saw 3 of its levels.

You collected 109 gold pieces.

Inventory:

Hand Weapons
 a - a +0 long sword (weapon)
Armour
 b - a +0 scale mail (worn)
 c - a +0 buckler (worn)
Jewellery
 i - a ring of ice
 j - an amulet of guardian spirit (around neck)
Scrolls
 e - a scroll of summoning {unknown}
 f - a scroll of blinking {unknown}
 g - 3 scrolls of immolation
 k - 2 scrolls of identify
Potions
 d - a potion of might


   Skills:
 + Level 3.5 Fighting
 * Level 3.0 Long Blades
 - Level 0.3 Polearms
 + Level 3.5 Armour
 + Level 1.0 Dodging
 + Level 3.5 Shields
 + Level 1.6 Invocations
 + Level 1.3 Evocations


You had 4 spell levels left.
You didn't know any spells.
Your spell library contained the following spells:

 Spells                   Type           Power      Damage    Failure   Level
 Ozocubu's Armour         Ice            0%         N/A       99%         3
 Metabolic Englaciation   Hex/Ice        0%         N/A       100%        5
 Simulacrum               Ice/Necr       0%         N/A       100%        6


Dungeon Overview and Level Annotations

Branches:
Dungeon (3/15)

Altars:


Message History

Natasha screams in pain as she dies!
The adder closely misses you. The adder misses you.
The adder barely misses you.
Your Long Blades skill increases to level 3!
Your Dodging skill increases to level 1!
You completely miss the adder. The adder bites you but does no damage.
The adder closely misses you.
You closely miss the adder. The adder bites you.
* * * LOW HITPOINT WARNING * * *
The adder bites you.
* * * LOW HITPOINT WARNING * * *
The adder bites you.
* * * LOW HITPOINT WARNING * * *
Okay, then.
You hit the adder.
The adder is lightly wounded.
The adder closely misses you. The adder bites you.
* * * LOW HITPOINT WARNING * * *
You hit the adder.
The adder is heavily wounded.
The adder closely misses you. You block the adder's attack.
You miss the adder.
The adder is heavily wounded.
The adder bites you but does no damage. x3
You miss the adder.
The adder is heavily wounded.
The adder bites you.
* * * LOW HITPOINT WARNING * * *
The adder bites you but does no damage. x2
You hit the adder.
The adder is severely wounded.
The adder bites you.
* * * LOW HITPOINT WARNING * * *
You are lethally poisoned!
The adder poisons you! The adder barely misses you.
You closely miss the adder.
The adder is severely wounded.
* * * LOW HITPOINT WARNING * * *
You feel sick.
The adder closely misses you. x2; The adder bites you.
You die...

.... ##..# #####...##### ##
... #...# #...# ##. ..#
...## #...# #.. #.# #.#
#...# ##. ..####### #.#
##.## ## ........# #.# #.#
# ........###.# ...
..#.........#######......
........##...)..@S........
#.......##.#####†.#....##..
#..#######.# >..#....# ...
...# #.. ...##..... ###
...# #.. ....# ####
##.#.##.. .#. ... # #..


You could see an adder.

Vanquished Creatures
  An orc priest (D:3)
  Natasha (twice) (D:3)
  2 adders (D:2)
  2 dart slugs
  3 orcs (D:3)
  6 bats
  4 endoplasms
  4 giant cockroaches
  3 goblins
  A hobgoblin (D:1)
  2 jackals (D:1)
  4 kobolds
  3 quokkas (D:1)
  7 ball pythons
  2 frilled lizards
  4 rats
50 creatures vanquished.

Notes
Turn   | Place    | Note
-------+----------+-------------------------------------------
     0 | D:1      | Revguard the Human Fighter began the quest for the Orb.
     0 | D:1      | Reached XP level 1. HP: 18/18 MP: 1/1
   140 | D:1      | Reached XP level 2. HP: 18/24 MP: 2/2
   622 | D:1      | Reached XP level 3. HP: 22/29 MP: 3/3
  1010 | D:2      | Reached skill level 1 in Invocations
  1037 | D:2      | Found a faded altar of an unknown god.
  1253 | D:2      | Reached XP level 4. HP: 26/35 MP: 4/4
  1445 | D:2      | Noticed an ogre
  2054 | D:3      | Noticed Natasha
  2062 | D:3      | Killed Natasha
  2063 | D:3      | Reached skill level 1 in Evocations
  2360 | D:3      | Reached XP level 5. HP: 30/41 MP: 2/6
  2518 | D:3      | Noticed Natasha
  2526 | D:3      | Killed Natasha
  2527 | D:3      | Reached skill level 1 in Dodging
  2534 | D:3      | HP: 1/41 [poisoned by an adder]
  2534 | D:3      | Slain by an adder

Illustrated notes

Levels and vault maps discovered:
D:1:      kennysheep_arrival_forest, layout_rooms, serial_forest,
          infiniplex_forest_clump_long, infiniplex_forest_clump_small,
          infiniplex_forest_lined_2, infiniplex_forest_clump_small,
          infiniplex_forest_clump_small, infiniplex_forest_straight_2,
          infiniplex_forest_clump_small, patterned_corridor
D:2:      layout_basic, ebering_ecumenical_altar_box, minmay_misc_feat_tiny
D:3:      layout_loops_cross, grunt_ministairs_6, minmay_misc_feat_chi,
          uniq_natasha

Skill      XL: |  1  2  3  4  5 |
---------------+----------------+-----
Invocations    | 1 |  1.6
Evocations     | 1 |  1.3
Long Blades    | 3 |  3.0
Dodging        | 1 |  1.0
Fighting       | |  3.5
Polearms       | |  0.3
Armour         | |  3.5
Shields        | |  3.5

Action                   |  1- 3 |  4- 6 || total
-------------------------+-------+-------++-------
Melee: Long sword        |    70 |    82 ||   152
  Use: Scroll            |     3 |     1 ||     4
       Potion            |       |     3 ||     3
Armor: Scale mail        |    38 |    35 ||    73
Dodge: Dodged            |    34 |    65 ||    99
Block: Buckler           |    21 |    15 ||    36
